| TOP OF THE 1ST |
|
Minnesota (NYP) Twins batting - Pitching for Lowell Spinners : RHP Austin O'Connor
|
|
Pitching: RHP Austin O'Connor
|
|
|
Batting: RHB David McClellan
|
0-0: Swinging Strike 0-1: Called Strike 0-2: Strikes out swinging
|
|
Batting: RHB Sergio Gomez
|
0-0: Ball 1-0: Ball 2-0: Called Strike 2-1: Foul Ball, location: 2F 2-2: SINGLE (Flyball, 89S, EV 92.5 MPH)
|
|
Batting: LHB Tomas Espino
|
0-0: Ball 1-0: Ball 2-0: Foul Ball, location: 2F 2-1: Ball 3-1: Base on Balls Sergio Gomez to second
|
|
Batting: RHB Pat Adams
|
0-0: Fielders Choice at 2nd, 5-4 (Groundball, 56, EV 76.9 MPH) Sergio Gomez to third
|
|
Batting: LHB Jose Hilario
|
0-0: Ball 1-0: Called Strike 1-1: Called Strike 1-2: Fly out, F9 (Flyball, 9LMF, EV 90.6 MPH)
|
| Top of the 1st over - 0 runs, 1 hit, 0 errors, 2 left on base; Minnesota (NYP) 0 - Lowell 0 |
| BOTTOM OF THE 1ST |
|
Lowell Spinners batting - Pitching for Minnesota (NYP) Twins : RHP Ruben Calderon
|
|
Pitching: RHP Ruben Calderon
|
|
|
Batting: RHB Aukukero Tairi
|
0-0: Ball 1-0: Ball 2-0: SINGLE (Groundball, 13S, EV 71.2 MPH) (infield hit)
|
|
Batting: RHB Xavier Joslin
|
0-0: Called Strike Aukukero Tairi steals 2nd base 0-1: Ball 1-1: Ball 2-1: Called Strike 2-2: Strikes out swinging
|
|
Batting: SHB Salvador Padilla
|
0-0: Fly out, F9 (Flyball, 9, EV 97.5 MPH)
|
|
Batting: RHB Tony Gallegos
|
0-0: Ball 1-0: Ball 2-0: Foul Ball, location: 2F 2-1: Foul Ball, location: 2F 2-2: Ball 3-2: Foul Ball, location: 2F 3-2: SINGLE (Groundball, 4D, EV 100.0 MPH) Aukukero Tairi to third Runner from 3rd tries for Home, SAFE, throw by CF to home
|
|
Batting: RHB Raul Sanchez
|
0-0: Ball 1-0: Foul Ball, location: 2F 1-1: Ball 2-1: Called Strike 2-2: Strikes out swinging, 2-3 out at first.
|
| Bottom of the 1st over - 1 run, 2 hits, 0 errors, 1 left on base; Minnesota (NYP) 0 - Lowell 1 |
| TOP OF THE 2ND |
|
Minnesota (NYP) Twins batting - Pitching for Lowell Spinners : RHP Austin O'Connor
|
|
Batting: RHB Fhil Mikrakin
|
0-0: Ball 1-0: Foul Ball, location: 2F 1-1: Swinging Strike 1-2: Ball 2-2: Ball 3-2: Foul Ball, location: 2F 3-2: Strikes out looking
|
|
Batting: LHB Ben Roth
|
0-0: Ball 1-0: Ball 2-0: Called Strike 2-1: Foul Ball, location: 2F 2-2: Ground out 6-3 (Groundball, 6M, EV 85.0 MPH)
|
|
Batting: RHB Ton van Dijk
|
0-0: Called Strike 0-1: Swinging Strike 0-2: Strikes out swinging
|
| Top of the 2nd over - 0 runs, 0 hits, 0 errors, 0 left on base; Minnesota (NYP) 0 - Lowell 1 |
| BOTTOM OF THE 2ND |
|
Lowell Spinners batting - Pitching for Minnesota (NYP) Twins : RHP Ruben Calderon
|
|
Batting: RHB Mario Arriero
|
0-0: Called Strike 0-1: Swinging Strike 0-2: Ball 1-2: Foul Ball, location: 2F 1-2: Ground out 4-3 (Groundball, 4M, EV 86.9 MPH)
|
|
Batting: RHB Willie Camacho
|
0-0: Ball 1-0: Ball 2-0: Foul Ball, location: 2F 2-1: Swinging Strike 2-2: Foul Ball, location: 2F 2-2: Strikes out swinging
|
|
Batting: LHB Robert Gonzalez
|
0-0: Called Strike 0-1: Called Strike 0-2: Ball 1-2: Strikes out looking
|
| Bottom of the 2nd over - 0 runs, 0 hits, 0 errors, 0 left on base; Minnesota (NYP) 0 - Lowell 1 |
| TOP OF THE 3RD |
|
Minnesota (NYP) Twins batting - Pitching for Lowell Spinners : RHP Austin O'Connor
|
|
Batting: SHB Juan Aguilar
|
0-0: Foul Ball, location: 2F 0-1: Called Strike 0-2: Strikes out looking
|
|
Batting: RHB David McClellan
|
0-0: Ball 1-0: Called Strike 1-1: Foul Ball, location: 2F 1-2: Ball 2-2: Foul Ball, location: 2F 2-2: Strikes out swinging
|
|
Batting: RHB Sergio Gomez
|
0-0: Called Strike 0-1: Ball 1-1: Ball 2-1: Swinging Strike 2-2: Ball 3-2: Base on Balls
|
|
Batting: LHB Tomas Espino
|
0-0: Called Strike 0-1: Foul Ball, location: 2F 0-2: Ball 1-2: Ball 2-2: Fielders Choice at 2nd, 6-4 (Groundball, 6, EV 93.8 MPH)
|
| Top of the 3rd over - 0 runs, 0 hits, 0 errors, 1 left on base; Minnesota (NYP) 0 - Lowell 1 |
| BOTTOM OF THE 3RD |
|
Lowell Spinners batting - Pitching for Minnesota (NYP) Twins : RHP Ruben Calderon
|
|
Batting: RHB Rogelio Cervantes
|
0-0: Ball 1-0: Ground out 4-3 (Groundball, 4S, EV 69.4 MPH)
|
|
Batting: RHB Aukukero Tairi
|
0-0: Swinging Strike 0-1: Ball 1-1: Foul Ball, location: 2F 1-2: Foul Ball, location: 2F 1-2: Foul Ball, location: 2F 1-2: Ball 2-2: Ball 3-2: Base on Balls
|
|
Batting: RHB Xavier Joslin
|
0-0: Ball 1-0: Ball 2-0: Fielders Choice at 2nd, 6-4 (Groundball, 6, EV 88.1 MPH)
|
|
Batting: SHB Salvador Padilla
|
0-0: Ball 1-0: Called Strike 1-1: Ball 2-1: Ball 3-1: Base on Balls Xavier Joslin to second
|
|
Batting: RHB Tony Gallegos
|
0-0: Called Strike 0-1: SINGLE (Line Drive, 89S, EV 91.2 MPH) Xavier Joslin to third Salvador Padilla to second Runner from 3rd tries for Home, SAFE, throw by RF to home
|
|
Batting: RHB Raul Sanchez
|
0-0: Ball 1-0: Swinging Strike 1-1: Swinging Strike 1-2: Ball 2-2: Ball 3-2: Ground out 6-3 (Groundball, 6, EV 80.6 MPH)
|
| Bottom of the 3rd over - 1 run, 1 hit, 0 errors, 2 left on base; Minnesota (NYP) 0 - Lowell 2 |
| TOP OF THE 4TH |
|
Minnesota (NYP) Twins batting - Pitching for Lowell Spinners : RHP Austin O'Connor
|
|
Batting: RHB Pat Adams
|
0-0: Ground out 5-3 (Groundball, 56S, EV 85.6 MPH)
|
|
Batting: LHB Jose Hilario
|
0-0: Ball 1-0: Ground out 4-3 (Groundball, 4, EV 86.9 MPH)
|
|
Batting: RHB Fhil Mikrakin
|
0-0: Called Strike 0-1: Called Strike 0-2: Ball 1-2: Ball 2-2: Ball 3-2: Base on Balls
|
|
Batting: LHB Ben Roth
|
0-0: Called Strike 0-1: Hit by Pitch Fhil Mikrakin to second
|
|
Batting: RHB Ton van Dijk
|
0-0: Ball 1-0: Ball 2-0: Called Strike 2-1: Ball 3-1: Called Strike 3-2: Strikes out looking
|
| Top of the 4th over - 0 runs, 0 hits, 0 errors, 2 left on base; Minnesota (NYP) 0 - Lowell 2 |
| BOTTOM OF THE 4TH |
|
Lowell Spinners batting - Pitching for Minnesota (NYP) Twins : RHP Ruben Calderon
|
|
Batting: RHB Mario Arriero
|
0-0: Foul Ball, location: 2F 0-1: Ball 1-1: SINGLE (Groundball, 56D, EV 101.9 MPH)
|
|
Batting: RHB Willie Camacho
|
0-0: Called Strike 0-1: Called Strike 0-2: Ball 1-2: Foul Ball, location: 2F 1-2: Fly out, F4 (Flyball, 34D, EV 84.4 MPH)
|
|
Batting: LHB Robert Gonzalez
|
0-0: Ball 1-0: Ball 2-0: Ball 3-0: Called Strike 3-1: Base on Balls Mario Arriero to second
|
|
Batting: RHB Rogelio Cervantes
|
0-0: Called Strike 0-1: Ball 1-1: Swinging Strike 1-2: SINGLE (Groundball, 6M, EV 105.6 MPH) Mario Arriero to third Robert Gonzalez to second Runner from 3rd tries for Home, throw by CF and OUT! 8-2
|
|
Now in CF: Jose Hilario
|
|
|
Now in RF: Alexandre Garcia
|
|
|
Batting: RHB Aukukero Tairi
|
0-0: Ball 1-0: SINGLE (Groundball, 6MD, EV 108.1 MPH) Robert Gonzalez to third Rogelio Cervantes to second Runner from 3rd tries for Home, throw by CF and OUT! 8-2
|
| Bottom of the 4th over - 0 runs, 3 hits, 0 errors, 2 left on base; Minnesota (NYP) 0 - Lowell 2 |
| TOP OF THE 5TH |
|
Minnesota (NYP) Twins batting - Pitching for Lowell Spinners : RHP Austin O'Connor
|
|
Batting: SHB Juan Aguilar
|
0-0: Swinging Strike 0-1: Swinging Strike 0-2: Strikes out swinging
|
|
Batting: RHB David McClellan
|
0-0: Ball 1-0: Swinging Strike 1-1: Ball 2-1: Foul Ball, location: 2F 2-2: Strikes out swinging
|
|
Batting: RHB Sergio Gomez
|
0-0: Swinging Strike 0-1: Swinging Strike 0-2: Ball 1-2: Strikes out swinging
|
| Top of the 5th over - 0 runs, 0 hits, 0 errors, 0 left on base; Minnesota (NYP) 0 - Lowell 2 |
| BOTTOM OF THE 5TH |
|
Lowell Spinners batting - Pitching for Minnesota (NYP) Twins : RHP Ruben Calderon
|
|
Pitching: LHP Yeijiro Kimura
|
|
|
Batting: RHB Xavier Joslin
|
0-0: Called Strike 0-1: Ball 1-1: Foul Ball, location: 2F 1-2: SINGLE (Groundball, 6MD, EV 108.1 MPH)
|
|
Batting: SHB Salvador Padilla
|
0-0: Ball 1-0: Called Strike 1-1: Ball 2-1: DOUBLE (Line Drive, 7LM, EV 96.2 MPH) Xavier Joslin to third
|
|
Batting: RHB Tony Gallegos
|
0-0: Called Strike 0-1: Hit by Pitch
|
|
Batting: RHB Raul Sanchez
|
0-0: Fly out, F8 (Flyball, 8LD, EV 101.9 MPH)
|
|
Batting: RHB Mario Arriero
|
0-0: Called Strike 0-1: Ball Wild Pitch! Xavier Joslin scores Salvador Padilla to third Tony Gallegos to second 1-1: Called Strike 1-2: Ball 2-2: Strikes out swinging
|
|
Batting: RHB Willie Camacho
|
0-0: Hit by Pitch
|
|
Batting: LHB Robert Gonzalez
|
0-0: Ball 1-0: Foul Ball, location: 2F 1-1: Called Strike 1-2: Foul Ball, location: 2F 1-2: Strikes out swinging
|
| Bottom of the 5th over - 1 run, 2 hits, 0 errors, 3 left on base; Minnesota (NYP) 0 - Lowell 3 |
| TOP OF THE 6TH |
|
Minnesota (NYP) Twins batting - Pitching for Lowell Spinners : RHP Austin O'Connor
|
|
Batting: LHB Tomas Espino
|
0-0: Ball 1-0: Swinging Strike 1-1: Foul Ball, location: 2F 1-2: Fly out, F5 (Popup, 5F, EV 78.1 MPH)
|
|
Pitching: RHP Armando Berrios
|
|
|
Batting: RHB Pat Adams
|
0-0: Ball 1-0: Ball 2-0: Ball 3-0: Base on Balls
|
|
Batting: LHB Jose Hilario
|
0-0: Foul Ball, location: 2F 0-1: Ball 1-1: Ball 2-1: Ball 3-1: Foul Ball, location: 2F 3-2: Fly out, F7 (Flyball, 7, EV 86.9 MPH)
|
|
Batting: RHB Fhil Mikrakin
|
0-0: Foul Ball, location: 2F 0-1: Foul Ball, location: 2F 0-2: Strikes out swinging
|
| Top of the 6th over - 0 runs, 0 hits, 0 errors, 1 left on base; Minnesota (NYP) 0 - Lowell 3 |
| BOTTOM OF THE 6TH |
|
Lowell Spinners batting - Pitching for Minnesota (NYP) Twins : LHP Yeijiro Kimura
|
|
Batting: RHB Rogelio Cervantes
|
0-0: Ball 1-0: SOLO HOME RUN (Flyball, 7D, EV 97.5 MPH), Distance : 387 ft
|
|
Batting: RHB Aukukero Tairi
|
0-0: Ball 1-0: Foul Ball, location: 2F 1-1: Ball 2-1: Swinging Strike 2-2: Ball 3-2: Strikes out looking
|
|
Batting: RHB Xavier Joslin
|
0-0: Foul Ball, location: 2F 0-1: Called Strike 0-2: Strikes out swinging
|
|
Pitching: LHP Travis Joyal
|
|
|
Batting: SHB Salvador Padilla
|
0-0: Called Strike 0-1: Foul Ball, location: 2F 0-2: Strikes out looking
|
| Bottom of the 6th over - 1 run, 1 hit, 0 errors, 0 left on base; Minnesota (NYP) 0 - Lowell 4 |
| TOP OF THE 7TH |
|
Minnesota (NYP) Twins batting - Pitching for Lowell Spinners : RHP Armando Berrios
|
|
Batting: LHB Ben Roth
|
0-0: Ball 1-0: Fly out, F8 (Flyball, 8LD, EV 96.9 MPH)
|
|
Batting: RHB Alexandre Garcia
|
0-0: Ball 1-0: Foul Ball, location: 2F 1-1: Ball 2-1: Ball 3-1: Base on Balls
|
|
Batting: SHB Juan Aguilar
|
0-0: Called Strike Alexandre Garcia is caught stealing 2nd base 2-6 0-1: Called Strike 0-2: DOUBLE (Groundball, 3L, EV 105.0 MPH)
|
|
Pinch Runner at 2nd Rick Kendall:
|
|
|
Batting: RHB David McClellan
|
0-0: Swinging Strike 0-1: Called Strike 0-2: Foul Ball, location: 2F 0-2: Foul Ball, location: 2F 0-2: Ground out 3-1 (Groundball, 34, EV 90.0 MPH)
|
| Top of the 7th over - 0 runs, 1 hit, 0 errors, 1 left on base; Minnesota (NYP) 0 - Lowell 4 |
| BOTTOM OF THE 7TH |
|
Lowell Spinners batting - Pitching for Minnesota (NYP) Twins : LHP Travis Joyal
|
|
Now at C: Ioan Biros
|
|
|
Batting: RHB Tony Gallegos
|
0-0: Foul Ball, location: 2F 0-1: Ball 1-1: Swinging Strike 1-2: SINGLE (Line Drive, 56, EV 95.6 MPH)
|
|
Batting: RHB Raul Sanchez
|
0-0: Ball 1-0: Foul Ball, location: 2F 1-1: Foul Ball, location: 2F 1-2: Foul Ball, location: 2F 1-2: Foul Ball, location: 2F 1-2: Ball 2-2: Ball 3-2: Fly out, F7 (Flyball, 7D, EV 100.6 MPH)
|
|
Batting: RHB Mario Arriero
|
0-0: Ball 1-0: Ball 2-0: Called Strike 2-1: Grounds into double play, 6-4-3 (Groundball, 6, EV 90.6 MPH)
|
| Bottom of the 7th over - 0 runs, 1 hit, 0 errors, 0 left on base; Minnesota (NYP) 0 - Lowell 4 |
| TOP OF THE 8TH |
|
Minnesota (NYP) Twins batting - Pitching for Lowell Spinners : RHP Armando Berrios
|
|
Batting: RHB Sergio Gomez
|
0-0: Ball 1-0: Ball 2-0: Ball 3-0: Base on Balls
|
|
Batting: LHB Tomas Espino
|
0-0: Foul Ball, location: 2F 0-1: Called Strike 0-2: Ball 1-2: Foul Ball, location: 2F 1-2: Ball 2-2: Ball 3-2: Foul Ball, location: 2F 3-2: Foul Ball, location: 2F 3-2: SINGLE (Groundball, 6MS, EV 71.2 MPH) (infield hit) Sergio Gomez to second
|
|
Pitching: RHP Tyler Tomblin
|
|
|
Batting: RHB Pat Adams
|
0-0: Swinging Strike 0-1: Ball 1-1: Ball 2-1: Foul Ball, location: 2F 2-2: Foul Ball, location: 2F 2-2: Ball 3-2: Fielders Choice at 2nd, 6-4 (Groundball, 56, EV 101.2 MPH) Sergio Gomez to third
|
|
Batting: LHB Jose Hilario
|
0-0: Ball 1-0: Foul Ball, location: 2F 1-1: Ball 2-1: Foul Ball, location: 2F 2-2: DOUBLE (Line Drive, 89D, EV 108.1 MPH) Sergio Gomez scores Pat Adams to third
|
|
Batting: RHB Fhil Mikrakin
|
0-0: Ball 1-0: Ball 2-0: Ball 3-0: Called Strike 3-1: TRIPLE (Line Drive, 9LD, EV 107.5 MPH) Pat Adams scores Jose Hilario scores
|
|
Batting: LHB Ben Roth
|
0-0: Ground out 6-3 (Groundball, 6M, EV 88.1 MPH)
|
|
Batting: RHB Alexandre Garcia
|
0-0: Ball 1-0: Called Strike 1-1: Called Strike 1-2: Ground out 5-3 (Groundball, 56S, EV 83.1 MPH)
|
| Top of the 8th over - 3 runs, 3 hits, 0 errors, 1 left on base; Minnesota (NYP) 3 - Lowell 4 |
| BOTTOM OF THE 8TH |
|
Lowell Spinners batting - Pitching for Minnesota (NYP) Twins : LHP Travis Joyal
|
|
Pitching: RHP Cody Bryant
|
|
|
Batting: RHB Willie Camacho
|
0-0: Called Strike 0-1: Ball 1-1: Swinging Strike 1-2: Strikes out swinging
|
|
Batting: LHB Robert Gonzalez
|
0-0: Called Strike 0-1: Ground out 5-3 (Groundball, 5, EV 104.4 MPH)
|
|
Batting: RHB Rogelio Cervantes
|
0-0: Foul Ball, location: 2F 0-1: Ball 1-1: Ball 2-1: Called Strike 2-2: Foul Ball, location: 2F 2-2: Foul Ball, location: 2F 2-2: Ground out 6-3 (Groundball, 6, EV 103.8 MPH)
|
| Bottom of the 8th over - 0 runs, 0 hits, 0 errors, 0 left on base; Minnesota (NYP) 3 - Lowell 4 |
| TOP OF THE 9TH |
|
Minnesota (NYP) Twins batting - Pitching for Lowell Spinners : RHP Tyler Tomblin
|
|
Pitching: RHP Tim Tucker
|
|
|
Batting: RHB Ioan Biros
|
0-0: Ball 1-0: SINGLE (Groundball, 56S, EV 60.6 MPH) (infield hit)
|
|
Batting: RHB David McClellan
|
0-0: Bunted foul 0-1: Bunt missed! 0-2: Hit by Pitch Ioan Biros to second
|
|
Batting: RHB Sergio Gomez
|
0-0: Called Strike 0-1: Ball 1-1: Ball 2-1: Fielders Choice at 2nd, 4-6 (Groundball, 4, EV 89.4 MPH) Ioan Biros to third
|
|
Batting: LHB Tomas Espino
|
0-0: Foul Ball, location: 2F 0-1: SINGLE (Groundball, 25, EV 76.9 MPH) (infield hit) Sergio Gomez to second
|
|
Batting: RHB Pat Adams
|
0-0: Foul Ball, location: 2F 0-1: Ball 1-1: Fly out, F9 (Flyball, 9, EV 91.9 MPH)
|
|
Batting: LHB Jose Hilario
|
0-0: Called Strike 0-1: Ball 1-1: Called Strike 1-2: Fly out, F9 (Flyball, 9D, EV 79.4 MPH)
|
| Top of the 9th over - 0 runs, 2 hits, 0 errors, 3 left on base; Minnesota (NYP) 3 - Lowell 4 |
|